 Dungeon Crawl Stone Soup version 0.30-a0-778-g2ef04afb54 (webtiles) character file.

Game seed: 4762193134054607193

1233 zero the Digger (level 8, -7/48 HPs)
             Began as a Gargoyle Earth Elementalist on Feb 15, 2023.
             Was an Initiate of Vehumet.
             Mangled by an ice devil (9 damage)
             ... summoned by a kobold demonologist
             ... on level 7 of the Dungeon.
             The game lasted 00:05:27 (4519 turns).

zero the Digger (Gargoyle Earth Elementalist)       Turns: 4519, Time: 00:05:28

Health: -7/48      AC:  7    Str: 12      XL:     8   Next: 48%
Magic:  3/26       EV: 11    Int: 17 (18) God:    Vehumet [......]
Gold:   88         SH:  0    Dex: 10      Spells: 15/19 levels left

rFire   . . .      SeeInvis .    k - +1 sling
rCold   . . .      Faith    .    (no shield)
rNeg    + . .      Spirit   .    a - +0 robe
rPois   ∞          Reflect  .    (no helmet)
rElec   +          Harm     .    (no cloak)
rCorr   +          Rampage  .    (no gloves)
Will    .....                    (no boots)
Stlth   ++                       (no amulet)
HPRegen 0.28/turn                l - ring of resist corrosion
MPRegen 0.20/turn                v - ring of magical power

@: very slightly contaminated
A: sickness immunity, AC +5, negative energy resistance 1, electricity
resistance, torment resistance 1, petrification resistance
a: Renounce Religion


You were on level 7 of the Dungeon.
You worshipped Vehumet.
Vehumet was noncommittal.
You visited 2 branches of the dungeon, and saw 10 of its levels.

You collected 220 gold pieces.
You spent 132 gold pieces at shops.

Inventory:

Hand Weapons
 g - a +0 dagger
 k - a +1 sling (weapon)
Armour
 a - a +0 robe (worn)
 q - a +0 pair of gloves
Jewellery
 l - a ring of resist corrosion (left hand)
 v - a ring of magical power (right hand)
Wands
 s - a wand of paralysis (4)
Scrolls
 e - 2 scrolls of immolation
 f - a scroll of identify
 p - 2 scrolls of fear
 r - a scroll of brand weapon {unknown}
Potions
 b - a potion of magic
 c - a potion of invisibility
 d - 2 potions of haste
 h - 4 potions of lignification
 i - 2 potions of flight
 j - a potion of resistance
 m - a potion of berserk rage
 n - a potion of curing
 o - a potion of might
 t - 2 potions of attraction
 u - a potion of heal wounds


   Skills:
 + Level 4.6 Fighting
 - Level 1.5 Dodging
 - Level 2.1 Stealth
 + Level 6.1 Spellcasting
 + Level 3.9 Conjurations
 - Level 0.7 Transmutations
 * Level 6.9 Earth Magic


You had 15 spell levels left.
You knew the following spells:

 Your Spells              Type           Power      Damage    Failure   Level
a - Sandblast             Erth           56%        2d13      1%          1
b - Stone Arrow           Conj/Erth      46%        3d9       4%          3

Your spell library contained the following spells:

 Spells                   Type           Power      Damage    Failure   Level
 Passwall                 Tmut/Erth      15%        N/A       4%          2
 Kiss of Death            Conj/Necr      44%        2d8       5%          1
 Freeze                   Ice            20%        1d4       13%         1
 Slow                     Hex            20%        N/A       13%         1
 Hailstorm                Conj/Ice       11%        3d5       17%         3
 Petrify                  Tmut/Erth      18%        N/A       26%         4
 Confusing Touch          Hex            5%         N/A       36%         3
 Frozen Ramparts          Ice            10%        1d2       36%         3
 Gell's Gravitas          Tloc           5%         N/A       36%         3
 Teleport Other           Tloc           5%         N/A       36%         3
 Vampiric Draining        Necr           5%         2d6       36%         3
 Anguish                  Hex/Necr       2%         N/A       77%         4
 Dispel Undead            Necr           5%         3d7       77%         4
 Dispersal                Tloc           2%         N/A       100%        6
 Enfeeble                 Hex            2%         N/A       100%        7


Dungeon Overview and Level Annotations

Branches:
Dungeon (9/15)             Temple (1/1) D:5             Orc (0/2) D:9
   Lair: D:8-11

Altars:
Cheibriados
Dithmenos
Fedhas
Gozag
Nemelex Xobeh
Qazlal
Ru
Vehumet
Wu Jian
Xom
Yredelemnul

Shops:
D:4 *   D:5 [

Annotations:
D:4 Grinder
D:8 1 runed translucent door, exclusion: downstairs


Innate Abilities, Weirdness & Mutations

You are immune to sickness and miasma.
Your stone body is resilient. (AC +5)
You are immune to poison.
You resist negative energy. (rN+)
You are resistant to electric shocks. (rElec)
You are resistant to unholy torment.
You are immune to petrification.


Message History

The kobold hits you but does no damage. The neqoxec gestures at you.
Something tries to feed on your intellect!
The ice devil hits you but does no damage.
Casting: Stone Arrow (dangerous; 4% risk of failure)
Confirm with . or Enter, or press ? or * to list all spells.
Aiming: Stone Arrow (dangerous; 4% risk of failure)
Press: ? - help, Shift-Dir - straight line, f/p - kobold demonologist
Aim: a kobold demonologist, wielding a +0 dagger and wearing a +0 robe (heavily wounded, 60% to hit)
The stone arrow hits the kobold demonologist!
The kobold demonologist is almost dead.
The ice devil hits you. The ice devil freezes you!
Casting: Stone Arrow (dangerous; 4% risk of failure)
Confirm with . or Enter, or press ? or * to list all spells.
Aiming: Stone Arrow (dangerous; 4% risk of failure)
Press: ? - help, Shift-Dir - straight line, f/p - kobold demonologist
Aim: a kobold demonologist, wielding a +0 dagger and wearing a +0 robe (almost dead, 60% to hit)
The stone arrow misses the kobold demonologist.
The kobold barely misses you. The ice devil closely misses you.
Casting: Stone Arrow (dangerous; 4% risk of failure)
Confirm with . or Enter, or press ? or * to list all spells.
Aiming: Stone Arrow (dangerous; 4% risk of failure)
Press: ? - help, Shift-Dir - straight line, f/p - kobold demonologist
Aim: a kobold demonologist, wielding a +0 dagger and wearing a +0 robe (almost dead, 60% to hit)
The stone arrow misses the kobold demonologist.
The kobold demonologist begins to cast a cantrip, but forgets the words!
The kobold hits you but does no damage. The ice devil hits you.
The ice devil freezes you!
Casting: Stone Arrow (dangerous; 4% risk of failure)
Confirm with . or Enter, or press ? or * to list all spells.
Aiming: Stone Arrow (dangerous; 4% risk of failure)
Press: ? - help, Shift-Dir - straight line, f/p - kobold demonologist
Aim: a kobold demonologist, wielding a +0 dagger and wearing a +0 robe (almost dead, 60% to hit)
You miscast Stone Arrow.
Nothing appears to happen.
The kobold demonologist hits you with a +0 dagger.
* * * LOW HITPOINT WARNING * * *
The kobold closely misses you. The ice devil hits you!
* * * LOW HITPOINT WARNING * * *
The ice devil freezes you!
You die...

##. #+#
....###.#
....)K4K#
....3KK@#
##..#####


You could see an ice devil (summoned), a kobold demonologist, a neqoxec
(summoned) and 3 kobolds.

Vanquished Creatures
  Sigmund (D:3)
  A shadow (D:9)
  An ogre (D:4)
  A kobold brigand (D:7)
  3 necrophages (D:4)
  3 scorpions
  A jelly (D:4)
  2 hounds (D:4)
  3 iguanas
  Ijyb (D:4)
  2 orc wizards (D:5)
  8 adders
  5 dart slugs
  3 orcs
  6 endoplasms
  3 giant cockroaches
  9 goblins
  7 hobgoblins
  4 jackals (D:3)
  4 quokkas (D:2)
  7 ball pythons
  4 bats
  6 frilled lizards
  8 kobolds
  6 rats
99 creatures vanquished.

Vanquished Creatures (others)
  6 plants
6 creatures vanquished.

Grand Total: 105 creatures vanquished

Notes
Turn   | Place    | Note
-------+----------+-------------------------------------------
     0 | D:1      | zero the Gargoyle Earth Elementalist began the quest for
                  | the Orb.
     0 | D:1      | Reached XP level 1. HP: 10/10 MP: 3/3
   207 | D:1      | Reached XP level 2. HP: 15/15 MP: 3/5
  1043 | D:2      | Reached XP level 3. HP: 20/20 MP: 5/7
  1332 | D:2      | Found a faded altar of an unknown god.
  1344 | D:2      | Reached skill level 1 in Fighting
  1347 | D:2      | Found a sparkling altar of Nemelex Xobeh.
  1514 | D:3      | Found a snail-covered altar of Cheibriados.
  1517 | D:3      | Found a basalt altar of Yredelemnul.
  1524 | D:3      | Reached XP level 4. HP: 25/25 MP: 8/8
  1528 | D:3      | Learned a level 3 spell: Stone Arrow
  1824 | D:3      | Noticed Sigmund
  1976 | D:3      | Killed Sigmund
  1977 | D:3      | Reached skill level 5 in Earth Magic
  1977 | D:3      | Reached XP level 5. HP: 30/30 MP: 0/12
  1977 | D:3      | Reached XP level 6. HP: 35/35 MP: 0/13
  2094 | D:3      | Found a sacrificial altar of Ru.
  2230 | D:4      | Noticed Grinder
  2259 | D:4      | Reached skill level 5 in Spellcasting
  2262 | D:4      | Reached skill level 1 in Conjurations
  2385 | D:4      | Reached XP level 7. HP: 40/40 MP: 9/14
  2490 | D:4      | Found Xuyl's General Store.
  2501 | D:4      | Noticed Ijyb
  2504 | D:4      | Paralysed by Ijyb for 2 turns
  2508 | D:4      | Killed Ijyb
  2713 | D:4      | Found a blossoming altar of Fedhas.
  2978 | D:4      | Bought a scroll of identify for 24 gold pieces
  2978 | D:4      | Bought a potion of heal wounds for 60 gold pieces
  2978 | D:4      | Bought a scroll of identify for 24 gold pieces
  2978 | D:4      | Bought a scroll of identify for 24 gold pieces
  3173 | D:4      | Reached XP level 8. HP: 48/48 MP: 13/16
  3305 | D:4      | Found a stormy altar of Qazlal.
  3617 | D:5      | Entered Level 5 of the Dungeon
  3801 | D:5      | Found a shadowy altar of Dithmenos.
  4060 | D:5      | Found a staircase to the Ecumenical Temple.
  4069 | Temple   | Entered the Ecumenical Temple
  4080 | Temple   | Became a worshipper of Vehumet
  4118 | D:5      | Found an opulent altar of Gozag.
  4244 | D:5      | Found Puwineen's Antique Armour Shoppe.
  4321 | D:6      | You fall into a shaft and drop 3 floors!
  4338 | D:9      | Noticed a shadow
  4342 | D:9      | Killed a shadow
  4447 | D:8      | Found a runed translucent door.
  4449 | D:8      | Noticed a sixfirhy
  4490 | D:9      | Found a staircase to the Orcish Mines.
  4510 | D:7      | Noticed a kobold demonologist
  4514 | D:7      | Noticed an ice devil
  4519 | D:7      | HP: 2/48 [ice devil[a kobold demonologist] (12)]
  4519 | D:7      | Mangled by an ice devil

Illustrated notes

Levels and vault maps discovered:
D:1:      dpeg_arrival_central, layout_rooms, serial_corexii_hall,
          chequers_hall_statues_wall_a, corexii_hall_statues_x,
          chequers_hall_statues_corner_a
D:2:      layout_rooms, basic_altar, dreamdust_ecumenical_altar_statues,
          minmay_tall_x
D:3:      layout_basic, mainiacjoe_overflow_alcove_2, mainiacjoe_overflow_paths,
          nicolae_ru_sacrificial_ziggurat, minmay_misc_feat_columns,
          uniq_sigmund, uniq_crazy_yiuf_cottage
D:4:      layout_cave_pods, fedhas_ov_isle_minmay, kennysheep_mini_moat,
          serial_bayou_pond_b, kennysheep_windowed_goal, uniq_ijyb, uniq_grinder
D:5:      layout_rooms, nicolae_gozag_cash_rules_everything_around_me,
          nicolae_dithmenos_the_darkroom, lemuel_temple_firewalk_b,
          serial_shops, kennysheep_mini, chequers_serial_rivers_micro_e,
          kennysheep_cross_bottleneck
D:6:      layout_rooms, makhleb_blood_cavern_becter,
          mainiacjoe_overflow_alcove_1, ebering_ghost_disaster_area
D:7:      layout_basic, serial_co_window_serial, co_window_paths_a,
          co_window_paths_a, co_window_paths_a, co_window_paths_b,
          co_window_corner_a, co_window_of_opportunity_a, co_window_paths_a,
          co_window_corner_b, co_window_unsneaky_path_a, co_window_cross_3,
          co_window_of_opportunity_c, co_window_of_opportunity_b,
          glass_columns_a, glass_columns_a, glass_columns_c, glass_columns_a
D:8:      cheibrodos_shockbox, layout_basic, mainiacjoe_overflow_24_doors
D:9:      layout_loops_ring, hellmonk_lair_entry_icy, serial_shops,
          nicolae_shop_overgrown_old_shop
Temple:   nicolae_temple_hex_pool

Skill      XL: |  1  2  3  4  5  6  7  8 |
---------------+-------------------------+-----
Earth Magic    | 4 5 6 |  6.9
Fighting       | 1 2 3 4 |  4.6
Spellcasting   | 3 4 5 6 |  6.1
Conjurations   | 1 3 |  3.9
Dodging        | |  1.5
Stealth        | |  2.1
Transmutations | |  0.7

Action                     |  1- 3 |  4- 6 |  7- 9 || total
---------------------------+-------+-------+-------++-------
  Melee: Unarmed           |     1 |       |       ||     1
         Dagger            |    14 |       |       ||    14
   Fire: Sling             |    19 |    54 |    62 ||   135
   Cast: Sandblast         |    49 |    24 |    42 ||   115
         Stone Arrow       |       |     5 |    10 ||    15
    Use: Scroll            |       |       |    17 ||    17
 Armour: Robe              |     8 |    10 |    17 ||    35
  Dodge: Dodged            |    18 |    27 |    28 ||    73

Table legend: (Time is in decaauts)
 A = Elapsed time spent in this place.
 B = Non-inter-level travel time spent in this place.
 C = Inter-level travel time spent in this place.
 D = Time resting spent in this place.
 E = Time spent auto-exploring this place.
 F = Levels seen in this place.
 G = Mean time per level.
                   A        B        C        D        E       F      G
               +--------+--------+--------+--------+--------+-----+--------+
         Total |   4627 |   4435 |    192 |    521 |   3178 |  10 |  462.7 |
       Dungeon |   4613 |   4423 |    190 |    521 |   3175 |   9 |  512.6 |
        Temple |     14 |     12 |      2 |      0 |      3 |   1 |   14.0 |
               +--------+--------+--------+--------+--------+-----+--------+

Top non-repeatable levels by time:
     D:4: 1432 daAuts
     D:1: 931 daAuts
     D:3: 766 daAuts
     D:5: 696 daAuts
     D:2: 582 daAuts
     D:8: 115 daAuts
     D:9: 69 daAuts
  Temple: 14 daAuts
     D:7: 14 daAuts
     D:6: 4 daAuts
